 Dungeon Crawl Stone Soup version 0.29.0-4-gdea44cf6ec (webtiles) character file.

Game seed: 440570824825745598

2 qw the Grasshopper (level 1, 12/12 HPs)
             Began as a Tengu Warper on Aug 28, 2022.
             Quit the game on level 1 of the Dungeon.
             The game lasted 00:01:54 (1854 turns).

qw the Grasshopper (Tengu Warper)                   Turns: 1854, Time: 00:01:55

Health: 12/12      AC:  3    Str: 11    XL:     1   Next: 30%
Magic:  4/4        EV: 11    Int: 13    God:
Gold:   13         SH:  0    Dex: 13    Spells: 4/4 levels left

rFire   . . .      SeeInvis .   a - +0 hand axe
rCold   . . .      Faith    .   (no shield)
rNeg    . . .      Spirit   .   b - +0 leather armour
rPois   .          Reflect  .   (helmet restricted)
rElec   .          Harm     .   (no cloak)
rCorr   .          Rampage  .   (no gloves)
Will    .....                   (boots unavailable)
Stlth   +.........              (no amulet)
HPRegen 0.04/turn               (no ring)
MPRegen 0.09/turn               (no ring)

@: no status effects
A: beak, talons 3
a: no special abilities


You were on level 1 of the Dungeon.
You visited 1 branch of the dungeon, and saw 1 of its levels.

You collected 13 gold pieces.


Innate Abilities, Weirdness & Mutations

You have a beak for a mouth.
You have claws for feet.


   Skills:
 - Level 2.0 Fighting
 + Level 2.4 Axes
 - Level 1.0 Throwing
 - Level 1.1 Armour
 - Level 2.1 Dodging
 - Level 2.0 Spellcasting
 - Level 2.4 Translocations


You had 4 spell levels left.
You didn't know any spells.
Your spell library contained the following spells:

 Spells                   Type           Power      Damage    Failure   Level
 Blink                    Tloc           14%        N/A       19%         2
 Gell's Gravitas          Tloc           7%         N/A       36%         3
 Lesser Beckoning         Tloc           7%         N/A       36%         3
 Teleport Other           Tloc           7%         N/A       36%         3
 Manifold Assault         Tloc           7%         N/A       98%         5

Inventory:

Hand Weapons
 a - a +0 hand axe (weapon)
Missiles
 d - 4 boomerangs of dispersal (quivered)
Armour
 b - a +0 leather armour (worn)

Dungeon Overview and Level Annotations

Branches:
Dungeon (1/15)

Altars:


Message History

Where to? (* - list waypoints, Enter - D:1 @ (x,y), ? - help)
What level of the Dungeon? (default 1, ? - help) Sorry, I don't know how to get there.
1842 ||| Stepping randomly (stuck).
There is an escape hatch in the floor here.
(D) Dungeon
Where to? (* - list waypoints, Enter - D:1 @ (x,y), ? - help)
What level of the Dungeon? (default 1, ? - help) Sorry, I don't know how to get there.
1844 ||| Stepping randomly (stuck).
There is an escape hatch in the floor here.
(D) Dungeon
Where to? (* - list waypoints, Enter - D:1 @ (x,y), ? - help)
What level of the Dungeon? (default 1, ? - help) Sorry, I don't know how to get there.
1846 ||| Stepping randomly (stuck).
There is an escape hatch in the floor here.
(D) Dungeon
Where to? (* - list waypoints, Enter - D:1 @ (x,y), ? - help)
What level of the Dungeon? (default 1, ? - help) Sorry, I don't know how to get there.
1848 ||| Stepping randomly (stuck).
There is an escape hatch in the floor here.
(D) Dungeon
Where to? (* - list waypoints, Enter - D:1 @ (x,y), ? - help)
What level of the Dungeon? (default 1, ? - help) Sorry, I don't know how to get there.
1850 ||| Stepping randomly (stuck).
There is an escape hatch in the floor here.
(D) Dungeon
Where to? (* - list waypoints, Enter - D:1 @ (x,y), ? - help)
What level of the Dungeon? (default 1, ? - help) Sorry, I don't know how to get there.
1852 ||| Stepping randomly (stuck).
There is an escape hatch in the floor here.
(D) Dungeon
Where to? (* - list waypoints, Enter - D:1 @ (x,y), ? - help)
What level of the Dungeon? (default 1, ? - help) Sorry, I don't know how to get there.
Are you sure you want to abandon this character and quit the game? (Confirm with "yes".)

..# ..#.######## ##.
###...##.... ....
...#.....# #..
#...##.## #>.
#.##..@####### ##~##
#.~..........#
##~7~#####~.~...#####.#
#~7}7~~~~~.}.~.##
.#.~7..?.....~...#
....~...<...~....##
##.~7.......7~....#
#~7}7~~~~~7}7~#....
##~7~#####~7~###.##


There were no monsters in sight!

Vanquished Creatures
  A goblin (D:1)
  A bat (D:1)
2 creatures vanquished.

Vanquished Creatures (others)
  4 toadstools (D:1)
4 creatures vanquished.

Grand Total: 6 creatures vanquished

Notes
Turn   | Place    | Note
-------+----------+-------------------------------------------
     0 | D:1      | qw the Tengu Warper began the quest for the Orb.
     0 | D:1      | Reached XP level 1. HP: 12/12 MP: 4/4
     0 | D:1      | 0 ||| qw: Version: 0.1-a-89-g26bdef1
     0 | D:1      | 0 ||| qw: Game counter: 3371
     0 | D:1      | 0 ||| qw: Always use a shield: true
     0 | D:1      | 0 ||| qw: God list: Okawaru
     0 | D:1      | 0 ||| qw: Allow faded altars: false
     0 | D:1      | 0 ||| qw: Do Orc after D:15 true
     0 | D:1      | 0 ||| qw: Do second Lair branch before Depths: true
     0 | D:1      | 0 ||| qw: Lair rune preference: random
     0 | D:1      | 0 ||| qw: Plans: Normal
     0 | D:1      | 0 ||| PLANNING D:1-11
    31 | D:1      | 31 ||| DROPPING scroll of blinking.
    32 | D:1      | 32 ||| Stepping randomly (stuck).
    33 | D:1      | 33 ||| Stepping randomly (stuck).
    34 | D:1      | 34 ||| Stepping randomly (stuck).
    35 | D:1      | 35 ||| Stepping randomly (stuck).
    36 | D:1      | 36 ||| Stepping randomly (stuck).
    37 | D:1      | 37 ||| Stepping randomly (stuck).
    38 | D:1      | 38 ||| Stepping randomly (stuck).
    39 | D:1      | 39 ||| Stepping randomly (stuck).
    40 | D:1      | 40 ||| Stepping randomly (stuck).
    41 | D:1      | 41 ||| Stepping randomly (stuck).
    42 | D:1      | 42 ||| Stepping randomly (stuck).
    43 | D:1      | 43 ||| Stepping randomly (stuck).
    44 | D:1      | 44 ||| Stepping randomly (stuck).
    45 | D:1      | 45 ||| Stepping randomly (stuck).
    46 | D:1      | 46 ||| Stepping randomly (stuck).
    47 | D:1      | 47 ||| Stepping randomly (stuck).
    48 | D:1      | 48 ||| Stepping randomly (stuck).
    49 | D:1      | 49 ||| Stepping randomly (stuck).
    50 | D:1      | 50 ||| Stepping randomly (stuck).
    51 | D:1      | 51 ||| Stepping randomly (stuck).
    52 | D:1      | 52 ||| Stepping randomly (stuck).
    53 | D:1      | 53 ||| Stepping randomly (stuck).
    54 | D:1      | 54 ||| Stepping randomly (stuck).
    55 | D:1      | 55 ||| Stepping randomly (stuck).
    56 | D:1      | 56 ||| Stepping randomly (stuck).
    57 | D:1      | 57 ||| Stepping randomly (stuck).
    58 | D:1      | 58 ||| Stepping randomly (stuck).
    59 | D:1      | 59 ||| Stepping randomly (stuck).
    60 | D:1      | 60 ||| Stepping randomly (stuck).
    61 | D:1      | 61 ||| Stepping randomly (stuck).
    62 | D:1      | 62 ||| Stepping randomly (stuck).
    63 | D:1      | 63 ||| Stepping randomly (stuck).
    64 | D:1      | 64 ||| Stepping randomly (stuck).
    65 | D:1      | 65 ||| Stepping randomly (stuck).
    66 | D:1      | 66 ||| Stepping randomly (stuck).
    67 | D:1      | 67 ||| Stepping randomly (stuck).
    68 | D:1      | 68 ||| Stepping randomly (stuck).
    69 | D:1      | 69 ||| Stepping randomly (stuck).
    70 | D:1      | 70 ||| Stepping randomly (stuck).
    71 | D:1      | 71 ||| Stepping randomly (stuck).
    72 | D:1      | 72 ||| Stepping randomly (stuck).
    73 | D:1      | 73 ||| Stepping randomly (stuck).
    74 | D:1      | 74 ||| Stepping randomly (stuck).
    75 | D:1      | 75 ||| Stepping randomly (stuck).
    76 | D:1      | 76 ||| Stepping randomly (stuck).
    77 | D:1      | 77 ||| Stepping randomly (stuck).
    78 | D:1      | 78 ||| Stepping randomly (stuck).
    79 | D:1      | 79 ||| Stepping randomly (stuck).
    80 | D:1      | 80 ||| Stepping randomly (stuck).
    81 | D:1      | 81 ||| Stepping randomly (stuck).
    82 | D:1      | 82 ||| Stepping randomly (stuck).
    83 | D:1      | 83 ||| Stepping randomly (stuck).
    84 | D:1      | 84 ||| Stepping randomly (stuck).
    85 | D:1      | 85 ||| Stepping randomly (stuck).
    86 | D:1      | 86 ||| Stepping randomly (stuck).
    87 | D:1      | 87 ||| Stepping randomly (stuck).
    88 | D:1      | 88 ||| Stepping randomly (stuck).
    89 | D:1      | 89 ||| Stepping randomly (stuck).
    90 | D:1      | 90 ||| Stepping randomly (stuck).
    91 | D:1      | 91 ||| Stepping randomly (stuck).
    92 | D:1      | 92 ||| Stepping randomly (stuck).
    93 | D:1      | 93 ||| Stepping randomly (stuck).
    94 | D:1      | 94 ||| Stepping randomly (stuck).
    95 | D:1      | 95 ||| Stepping randomly (stuck).
    96 | D:1      | 96 ||| Stepping randomly (stuck).
    97 | D:1      | 97 ||| Stepping randomly (stuck).
    98 | D:1      | 98 ||| Stepping randomly (stuck).
    99 | D:1      | 99 ||| Stepping randomly (stuck).
   100 | D:1      | 100 ||| Stepping randomly (stuck).
   101 | D:1      | 101 ||| Stepping randomly (stuck).
   102 | D:1      | 102 ||| Stepping randomly (stuck).
   103 | D:1      | 103 ||| Stepping randomly (stuck).
   104 | D:1      | 104 ||| Stepping randomly (stuck).
   105 | D:1      | 105 ||| Stepping randomly (stuck).
   106 | D:1      | 106 ||| Stepping randomly (stuck).
   107 | D:1      | 107 ||| Stepping randomly (stuck).
   108 | D:1      | 108 ||| Stepping randomly (stuck).
   109 | D:1      | 109 ||| Stepping randomly (stuck).
   110 | D:1      | 110 ||| Stepping randomly (stuck).
   111 | D:1      | 111 ||| Stepping randomly (stuck).
   112 | D:1      | 112 ||| Stepping randomly (stuck).
   113 | D:1      | 113 ||| Stepping randomly (stuck).
   114 | D:1      | 114 ||| Stepping randomly (stuck).
   115 | D:1      | 115 ||| Stepping randomly (stuck).
   116 | D:1      | 116 ||| Stepping randomly (stuck).
   117 | D:1      | 117 ||| Stepping randomly (stuck).
   118 | D:1      | 118 ||| Stepping randomly (stuck).
   119 | D:1      | 119 ||| Stepping randomly (stuck).
   120 | D:1      | 120 ||| Stepping randomly (stuck).
   121 | D:1      | 121 ||| Stepping randomly (stuck).
   122 | D:1      | 122 ||| Stepping randomly (stuck).
   123 | D:1      | 123 ||| Stepping randomly (stuck).
   124 | D:1      | 124 ||| Stepping randomly (stuck).
   125 | D:1      | 125 ||| Stepping randomly (stuck).
   126 | D:1      | 126 ||| Stepping randomly (stuck).
   127 | D:1      | 127 ||| Stepping randomly (stuck).
   128 | D:1      | 128 ||| Stepping randomly (stuck).
   129 | D:1      | 129 ||| Stepping randomly (stuck).
   130 | D:1      | 130 ||| Stepping randomly (stuck).
   131 | D:1      | 131 ||| Stepping randomly (stuck).
   132 | D:1      | 132 ||| Stepping randomly (stuck).
   133 | D:1      | 133 ||| Stepping randomly (stuck).
   134 | D:1      | 134 ||| Stepping randomly (stuck).
   135 | D:1      | 135 ||| Stepping randomly (stuck).
   136 | D:1      | 136 ||| Stepping randomly (stuck).
   137 | D:1      | 137 ||| Stepping randomly (stuck).
   138 | D:1      | 138 ||| Stepping randomly (stuck).
   139 | D:1      | 139 ||| Stepping randomly (stuck).
   140 | D:1      | 140 ||| Stepping randomly (stuck).
   141 | D:1      | 141 ||| Stepping randomly (stuck).
   142 | D:1      | 142 ||| Stepping randomly (stuck).
   143 | D:1      | 143 ||| Stepping randomly (stuck).
   144 | D:1      | 144 ||| Stepping randomly (stuck).
   145 | D:1      | 145 ||| Stepping randomly (stuck).
   146 | D:1      | 146 ||| Stepping randomly (stuck).
   147 | D:1      | 147 ||| Stepping randomly (stuck).
   148 | D:1      | 148 ||| Stepping randomly (stuck).
   149 | D:1      | 149 ||| Stepping randomly (stuck).
   150 | D:1      | 150 ||| Stepping randomly (stuck).
   151 | D:1      | 151 ||| Stepping randomly (stuck).
   152 | D:1      | 152 ||| Stepping randomly (stuck).
   153 | D:1      | 153 ||| Stepping randomly (stuck).
   154 | D:1      | 154 ||| Stepping randomly (stuck).
   155 | D:1      | 155 ||| Stepping randomly (stuck).
   156 | D:1      | 156 ||| Stepping randomly (stuck).
   157 | D:1      | 157 ||| Stepping randomly (stuck).
   158 | D:1      | 158 ||| Stepping randomly (stuck).
   159 | D:1      | 159 ||| Stepping randomly (stuck).
   160 | D:1      | 160 ||| Stepping randomly (stuck).
   161 | D:1      | 161 ||| Stepping randomly (stuck).
   162 | D:1      | 162 ||| Stepping randomly (stuck).
   163 | D:1      | 163 ||| Stepping randomly (stuck).
   164 | D:1      | 164 ||| Stepping randomly (stuck).
   165 | D:1      | 165 ||| Stepping randomly (stuck).
   166 | D:1      | 166 ||| Stepping randomly (stuck).
   167 | D:1      | 167 ||| Stepping randomly (stuck).
   168 | D:1      | 168 ||| Stepping randomly (stuck).
   169 | D:1      | 169 ||| Stepping randomly (stuck).
   170 | D:1      | 170 ||| Stepping randomly (stuck).
   171 | D:1      | 171 ||| Stepping randomly (stuck).
   172 | D:1      | 172 ||| Stepping randomly (stuck).
   173 | D:1      | 173 ||| Stepping randomly (stuck).
   174 | D:1      | 174 ||| Stepping randomly (stuck).
   175 | D:1      | 175 ||| Stepping randomly (stuck).
   176 | D:1      | 176 ||| Stepping randomly (stuck).
   177 | D:1      | 177 ||| Stepping randomly (stuck).
   178 | D:1      | 178 ||| Stepping randomly (stuck).
   179 | D:1      | 179 ||| Stepping randomly (stuck).
   180 | D:1      | 180 ||| Stepping randomly (stuck).
   181 | D:1      | 181 ||| Stepping randomly (stuck).
   182 | D:1      | 182 ||| Stepping randomly (stuck).
   183 | D:1      | 183 ||| Stepping randomly (stuck).
   184 | D:1      | 184 ||| Stepping randomly (stuck).
   185 | D:1      | 185 ||| Stepping randomly (stuck).
   186 | D:1      | 186 ||| Stepping randomly (stuck).
   187 | D:1      | 187 ||| Stepping randomly (stuck).
   188 | D:1      | 188 ||| Stepping randomly (stuck).
   189 | D:1      | 189 ||| Stepping randomly (stuck).
   190 | D:1      | 190 ||| Stepping randomly (stuck).
   191 | D:1      | 191 ||| Stepping randomly (stuck).
   192 | D:1      | 192 ||| Stepping randomly (stuck).
   193 | D:1      | 193 ||| Stepping randomly (stuck).
   194 | D:1      | 194 ||| Stepping randomly (stuck).
   195 | D:1      | 195 ||| Stepping randomly (stuck).
   196 | D:1      | 196 ||| Stepping randomly (stuck).
   197 | D:1      | 197 ||| Stepping randomly (stuck).
   198 | D:1      | 198 ||| Stepping randomly (stuck).
   199 | D:1      | 199 ||| Stepping randomly (stuck).
   200 | D:1      | 200 ||| Stepping randomly (stuck).
   201 | D:1      | 201 ||| Stepping randomly (stuck).
   202 | D:1      | 202 ||| Stepping randomly (stuck).
   203 | D:1      | 203 ||| Stepping randomly (stuck).
   204 | D:1      | 204 ||| Stepping randomly (stuck).
   205 | D:1      | 205 ||| Stepping randomly (stuck).
   206 | D:1      | 206 ||| Stepping randomly (stuck).
   207 | D:1      | 207 ||| Stepping randomly (stuck).
   208 | D:1      | 208 ||| Stepping randomly (stuck).
   209 | D:1      | 209 ||| Stepping randomly (stuck).
   210 | D:1      | 210 ||| Stepping randomly (stuck).
   211 | D:1      | 211 ||| Stepping randomly (stuck).
   212 | D:1      | 212 ||| Stepping randomly (stuck).
   213 | D:1      | 213 ||| Stepping randomly (stuck).
   214 | D:1      | 214 ||| Stepping randomly (stuck).
   215 | D:1      | 215 ||| Stepping randomly (stuck).
   216 | D:1      | 216 ||| Stepping randomly (stuck).
   217 | D:1      | 217 ||| Stepping randomly (stuck).
   218 | D:1      | 218 ||| Stepping randomly (stuck).
   219 | D:1      | 219 ||| Stepping randomly (stuck).
   220 | D:1      | 220 ||| Stepping randomly (stuck).
   221 | D:1      | 221 ||| Stepping randomly (stuck).
   222 | D:1      | 222 ||| Stepping randomly (stuck).
   223 | D:1      | 223 ||| Stepping randomly (stuck).
   224 | D:1      | 224 ||| Stepping randomly (stuck).
   239 | D:1      | 239 ||| Stepping randomly (stuck).
   241 | D:1      | 241 ||| Stepping randomly (stuck).
   243 | D:1      | 243 ||| Stepping randomly (stuck).
   246 | D:1      | 246 ||| Stepping randomly (stuck).
   248 | D:1      | 248 ||| Stepping randomly (stuck).
   250 | D:1      | 250 ||| Stepping randomly (stuck).
   252 | D:1      | 252 ||| Stepping randomly (stuck).
   254 | D:1      | 254 ||| Stepping randomly (stuck).
   256 | D:1      | 256 ||| Stepping randomly (stuck).
   258 | D:1      | 258 ||| Stepping randomly (stuck).
   260 | D:1      | 260 ||| Stepping randomly (stuck).
   262 | D:1      | 262 ||| Stepping randomly (stuck).
   264 | D:1      | 264 ||| Stepping randomly (stuck).
   266 | D:1      | 266 ||| Stepping randomly (stuck).
   268 | D:1      | 268 ||| Stepping randomly (stuck).
   270 | D:1      | 270 ||| Stepping randomly (stuck).
   272 | D:1      | 272 ||| Stepping randomly (stuck).
   274 | D:1      | 274 ||| Stepping randomly (stuck).
   276 | D:1      | 276 ||| Stepping randomly (stuck).
   278 | D:1      | 278 ||| Stepping randomly (stuck).
   280 | D:1      | 280 ||| Stepping randomly (stuck).
   282 | D:1      | 282 ||| Stepping randomly (stuck).
   284 | D:1      | 284 ||| Stepping randomly (stuck).
   286 | D:1      | 286 ||| Stepping randomly (stuck).
   288 | D:1      | 288 ||| Stepping randomly (stuck).
   290 | D:1      | 290 ||| Stepping randomly (stuck).
   292 | D:1      | 292 ||| Stepping randomly (stuck).
   294 | D:1      | 294 ||| Stepping randomly (stuck).
   296 | D:1      | 296 ||| Stepping randomly (stuck).
   298 | D:1      | 298 ||| Stepping randomly (stuck).
   300 | D:1      | 300 ||| Stepping randomly (stuck).
   302 | D:1      | 302 ||| Stepping randomly (stuck).
   304 | D:1      | 304 ||| Stepping randomly (stuck).
   306 | D:1      | 306 ||| Stepping randomly (stuck).
   308 | D:1      | 308 ||| Stepping randomly (stuck).
   310 | D:1      | 310 ||| Stepping randomly (stuck).
   312 | D:1      | 312 ||| Stepping randomly (stuck).
   314 | D:1      | 314 ||| Stepping randomly (stuck).
   316 | D:1      | 316 ||| Stepping randomly (stuck).
   318 | D:1      | 318 ||| Stepping randomly (stuck).
   320 | D:1      | 320 ||| Stepping randomly (stuck).
   322 | D:1      | 322 ||| Stepping randomly (stuck).
   324 | D:1      | 324 ||| Stepping randomly (stuck).
   326 | D:1      | 326 ||| Stepping randomly (stuck).
   328 | D:1      | 328 ||| Stepping randomly (stuck).
   330 | D:1      | 330 ||| Stepping randomly (stuck).
   332 | D:1      | 332 ||| Stepping randomly (stuck).
   334 | D:1      | 334 ||| Stepping randomly (stuck).
   336 | D:1      | 336 ||| Stepping randomly (stuck).
   338 | D:1      | 338 ||| Stepping randomly (stuck).
   340 | D:1      | 340 ||| Stepping randomly (stuck).
   342 | D:1      | 342 ||| Stepping randomly (stuck).
   344 | D:1      | 344 ||| Stepping randomly (stuck).
   346 | D:1      | 346 ||| Stepping randomly (stuck).
   348 | D:1      | 348 ||| Stepping randomly (stuck).
   350 | D:1      | 350 ||| Stepping randomly (stuck).
   352 | D:1      | 352 ||| Stepping randomly (stuck).
   354 | D:1      | 354 ||| Stepping randomly (stuck).
   356 | D:1      | 356 ||| Stepping randomly (stuck).
   358 | D:1      | 358 ||| Stepping randomly (stuck).
   360 | D:1      | 360 ||| Stepping randomly (stuck).
   362 | D:1      | 362 ||| Stepping randomly (stuck).
   364 | D:1      | 364 ||| Stepping randomly (stuck).
   366 | D:1      | 366 ||| Stepping randomly (stuck).
   368 | D:1      | 368 ||| Stepping randomly (stuck).
   370 | D:1      | 370 ||| Stepping randomly (stuck).
   372 | D:1      | 372 ||| Stepping randomly (stuck).
   374 | D:1      | 374 ||| Stepping randomly (stuck).
   376 | D:1      | 376 ||| Stepping randomly (stuck).
   378 | D:1      | 378 ||| Stepping randomly (stuck).
   380 | D:1      | 380 ||| Stepping randomly (stuck).
   382 | D:1      | 382 ||| Stepping randomly (stuck).
   384 | D:1      | 384 ||| Stepping randomly (stuck).
   386 | D:1      | 386 ||| Stepping randomly (stuck).
   388 | D:1      | 388 ||| Stepping randomly (stuck).
   390 | D:1      | 390 ||| Stepping randomly (stuck).
   392 | D:1      | 392 ||| Stepping randomly (stuck).
   394 | D:1      | 394 ||| Stepping randomly (stuck).
   396 | D:1      | 396 ||| Stepping randomly (stuck).
   398 | D:1      | 398 ||| Stepping randomly (stuck).
   400 | D:1      | 400 ||| Stepping randomly (stuck).
   402 | D:1      | 402 ||| Stepping randomly (stuck).
   404 | D:1      | 404 ||| Stepping randomly (stuck).
   406 | D:1      | 406 ||| Stepping randomly (stuck).
   408 | D:1      | 408 ||| Stepping randomly (stuck).
   410 | D:1      | 410 ||| Stepping randomly (stuck).
   412 | D:1      | 412 ||| Stepping randomly (stuck).
   414 | D:1      | 414 ||| Stepping randomly (stuck).
   416 | D:1      | 416 ||| Stepping randomly (stuck).
   418 | D:1      | 418 ||| Stepping randomly (stuck).
   420 | D:1      | 420 ||| Stepping randomly (stuck).
   422 | D:1      | 422 ||| Stepping randomly (stuck).
   424 | D:1      | 424 ||| Stepping randomly (stuck).
   426 | D:1      | 426 ||| Stepping randomly (stuck).
   428 | D:1      | 428 ||| Stepping randomly (stuck).
   430 | D:1      | 430 ||| Stepping randomly (stuck).
   432 | D:1      | 432 ||| Stepping randomly (stuck).
   434 | D:1      | 434 ||| Stepping randomly (stuck).
   436 | D:1      | 436 ||| Stepping randomly (stuck).
   438 | D:1      | 438 ||| Stepping randomly (stuck).
   440 | D:1      | 440 ||| Stepping randomly (stuck).
   442 | D:1      | 442 ||| Stepping randomly (stuck).
   444 | D:1      | 444 ||| Stepping randomly (stuck).
   446 | D:1      | 446 ||| Stepping randomly (stuck).
   448 | D:1      | 448 ||| Stepping randomly (stuck).
   450 | D:1      | 450 ||| Stepping randomly (stuck).
   452 | D:1      | 452 ||| Stepping randomly (stuck).
   454 | D:1      | 454 ||| Stepping randomly (stuck).
   456 | D:1      | 456 ||| Stepping randomly (stuck).
   458 | D:1      | 458 ||| Stepping randomly (stuck).
   460 | D:1      | 460 ||| Stepping randomly (stuck).
   462 | D:1      | 462 ||| Stepping randomly (stuck).
   464 | D:1      | 464 ||| Stepping randomly (stuck).
   466 | D:1      | 466 ||| Stepping randomly (stuck).
   468 | D:1      | 468 ||| Stepping randomly (stuck).
   470 | D:1      | 470 ||| Stepping randomly (stuck).
   472 | D:1      | 472 ||| Stepping randomly (stuck).
   474 | D:1      | 474 ||| Stepping randomly (stuck).
   476 | D:1      | 476 ||| Stepping randomly (stuck).
   478 | D:1      | 478 ||| Stepping randomly (stuck).
   480 | D:1      | 480 ||| Stepping randomly (stuck).
   482 | D:1      | 482 ||| Stepping randomly (stuck).
   484 | D:1      | 484 ||| Stepping randomly (stuck).
   486 | D:1      | 486 ||| Stepping randomly (stuck).
   488 | D:1      | 488 ||| Stepping randomly (stuck).
   490 | D:1      | 490 ||| Stepping randomly (stuck).
   492 | D:1      | 492 ||| Stepping randomly (stuck).
   494 | D:1      | 494 ||| Stepping randomly (stuck).
   496 | D:1      | 496 ||| Stepping randomly (stuck).
   498 | D:1      | 498 ||| Stepping randomly (stuck).
   500 | D:1      | 500 ||| Stepping randomly (stuck).
   502 | D:1      | 502 ||| Stepping randomly (stuck).
   504 | D:1      | 504 ||| Stepping randomly (stuck).
   506 | D:1      | 506 ||| Stepping randomly (stuck).
   508 | D:1      | 508 ||| Stepping randomly (stuck).
   510 | D:1      | 510 ||| Stepping randomly (stuck).
   512 | D:1      | 512 ||| Stepping randomly (stuck).
   514 | D:1      | 514 ||| Stepping randomly (stuck).
   516 | D:1      | 516 ||| Stepping randomly (stuck).
   518 | D:1      | 518 ||| Stepping randomly (stuck).
   520 | D:1      | 520 ||| Stepping randomly (stuck).
   522 | D:1      | 522 ||| Stepping randomly (stuck).
   524 | D:1      | 524 ||| Stepping randomly (stuck).
   526 | D:1      | 526 ||| Stepping randomly (stuck).
   528 | D:1      | 528 ||| Stepping randomly (stuck).
   530 | D:1      | 530 ||| Stepping randomly (stuck).
   532 | D:1      | 532 ||| Stepping randomly (stuck).
   534 | D:1      | 534 ||| Stepping randomly (stuck).
   536 | D:1      | 536 ||| Stepping randomly (stuck).
   538 | D:1      | 538 ||| Stepping randomly (stuck).
   540 | D:1      | 540 ||| Stepping randomly (stuck).
   542 | D:1      | 542 ||| Stepping randomly (stuck).
   544 | D:1      | 544 ||| Stepping randomly (stuck).
   546 | D:1      | 546 ||| Stepping randomly (stuck).
   548 | D:1      | 548 ||| Stepping randomly (stuck).
   550 | D:1      | 550 ||| Stepping randomly (stuck).
   552 | D:1      | 552 ||| Stepping randomly (stuck).
   554 | D:1      | 554 ||| Stepping randomly (stuck).
   556 | D:1      | 556 ||| Stepping randomly (stuck).
   558 | D:1      | 558 ||| Stepping randomly (stuck).
   560 | D:1      | 560 ||| Stepping randomly (stuck).
   562 | D:1      | 562 ||| Stepping randomly (stuck).
   564 | D:1      | 564 ||| Stepping randomly (stuck).
   566 | D:1      | 566 ||| Stepping randomly (stuck).
   568 | D:1      | 568 ||| Stepping randomly (stuck).
   570 | D:1      | 570 ||| Stepping randomly (stuck).
   572 | D:1      | 572 ||| Stepping randomly (stuck).
   574 | D:1      | 574 ||| Stepping randomly (stuck).
   576 | D:1      | 576 ||| Stepping randomly (stuck).
   578 | D:1      | 578 ||| Stepping randomly (stuck).
   580 | D:1      | 580 ||| Stepping randomly (stuck).
   582 | D:1      | 582 ||| Stepping randomly (stuck).
   584 | D:1      | 584 ||| Stepping randomly (stuck).
   586 | D:1      | 586 ||| Stepping randomly (stuck).
   588 | D:1      | 588 ||| Stepping randomly (stuck).
   590 | D:1      | 590 ||| Stepping randomly (stuck).
   592 | D:1      | 592 ||| Stepping randomly (stuck).
   594 | D:1      | 594 ||| Stepping randomly (stuck).
   596 | D:1      | 596 ||| Stepping randomly (stuck).
   598 | D:1      | 598 ||| Stepping randomly (stuck).
   600 | D:1      | 600 ||| Stepping randomly (stuck).
   602 | D:1      | 602 ||| Stepping randomly (stuck).
   604 | D:1      | 604 ||| Stepping randomly (stuck).
   606 | D:1      | 606 ||| Stepping randomly (stuck).
   608 | D:1      | 608 ||| Stepping randomly (stuck).
   610 | D:1      | 610 ||| Stepping randomly (stuck).
   612 | D:1      | 612 ||| Stepping randomly (stuck).
   614 | D:1      | 614 ||| Stepping randomly (stuck).
   616 | D:1      | 616 ||| Stepping randomly (stuck).
   618 | D:1      | 618 ||| Stepping randomly (stuck).
   620 | D:1      | 620 ||| Stepping randomly (stuck).
   622 | D:1      | 622 ||| Stepping randomly (stuck).
   624 | D:1      | 624 ||| Stepping randomly (stuck).
   626 | D:1      | 626 ||| Stepping randomly (stuck).
   628 | D:1      | 628 ||| Stepping randomly (stuck).
   630 | D:1      | 630 ||| Stepping randomly (stuck).
   632 | D:1      | 632 ||| Stepping randomly (stuck).
   634 | D:1      | 634 ||| Stepping randomly (stuck).
   636 | D:1      | 636 ||| Stepping randomly (stuck).
   638 | D:1      | 638 ||| Stepping randomly (stuck).
   640 | D:1      | 640 ||| Stepping randomly (stuck).
   642 | D:1      | 642 ||| Stepping randomly (stuck).
   644 | D:1      | 644 ||| Stepping randomly (stuck).
   646 | D:1      | 646 ||| Stepping randomly (stuck).
   648 | D:1      | 648 ||| Stepping randomly (stuck).
   650 | D:1      | 650 ||| Stepping randomly (stuck).
   652 | D:1      | 652 ||| Stepping randomly (stuck).
   654 | D:1      | 654 ||| Stepping randomly (stuck).
   656 | D:1      | 656 ||| Stepping randomly (stuck).
   658 | D:1      | 658 ||| Stepping randomly (stuck).
   660 | D:1      | 660 ||| Stepping randomly (stuck).
   662 | D:1      | 662 ||| Stepping randomly (stuck).
   664 | D:1      | 664 ||| Stepping randomly (stuck).
   666 | D:1      | 666 ||| Stepping randomly (stuck).
   668 | D:1      | 668 ||| Stepping randomly (stuck).
   670 | D:1      | 670 ||| Stepping randomly (stuck).
   672 | D:1      | 672 ||| Stepping randomly (stuck).
   674 | D:1      | 674 ||| Stepping randomly (stuck).
   676 | D:1      | 676 ||| Stepping randomly (stuck).
   678 | D:1      | 678 ||| Stepping randomly (stuck).
   680 | D:1      | 680 ||| Stepping randomly (stuck).
   682 | D:1      | 682 ||| Stepping randomly (stuck).
   684 | D:1      | 684 ||| Stepping randomly (stuck).
   686 | D:1      | 686 ||| Stepping randomly (stuck).
   688 | D:1      | 688 ||| Stepping randomly (stuck).
   690 | D:1      | 690 ||| Stepping randomly (stuck).
   692 | D:1      | 692 ||| Stepping randomly (stuck).
   694 | D:1      | 694 ||| Stepping randomly (stuck).
   696 | D:1      | 696 ||| Stepping randomly (stuck).
   698 | D:1      | 698 ||| Stepping randomly (stuck).
   700 | D:1      | 700 ||| Stepping randomly (stuck).
   702 | D:1      | 702 ||| Stepping randomly (stuck).
   704 | D:1      | 704 ||| Stepping randomly (stuck).
   706 | D:1      | 706 ||| Stepping randomly (stuck).
   708 | D:1      | 708 ||| Stepping randomly (stuck).
   710 | D:1      | 710 ||| Stepping randomly (stuck).
   712 | D:1      | 712 ||| Stepping randomly (stuck).
   714 | D:1      | 714 ||| Stepping randomly (stuck).
   716 | D:1      | 716 ||| Stepping randomly (stuck).
   718 | D:1      | 718 ||| Stepping randomly (stuck).
   720 | D:1      | 720 ||| Stepping randomly (stuck).
   722 | D:1      | 722 ||| Stepping randomly (stuck).
   724 | D:1      | 724 ||| Stepping randomly (stuck).
   726 | D:1      | 726 ||| Stepping randomly (stuck).
   728 | D:1      | 728 ||| Stepping randomly (stuck).
   730 | D:1      | 730 ||| Stepping randomly (stuck).
   732 | D:1      | 732 ||| Stepping randomly (stuck).
   734 | D:1      | 734 ||| Stepping randomly (stuck).
   736 | D:1      | 736 ||| Stepping randomly (stuck).
   738 | D:1      | 738 ||| Stepping randomly (stuck).
   740 | D:1      | 740 ||| Stepping randomly (stuck).
   742 | D:1      | 742 ||| Stepping randomly (stuck).
   744 | D:1      | 744 ||| Stepping randomly (stuck).
   746 | D:1      | 746 ||| Stepping randomly (stuck).
   748 | D:1      | 748 ||| Stepping randomly (stuck).
   750 | D:1      | 750 ||| Stepping randomly (stuck).
   752 | D:1      | 752 ||| Stepping randomly (stuck).
   754 | D:1      | 754 ||| Stepping randomly (stuck).
   756 | D:1      | 756 ||| Stepping randomly (stuck).
   758 | D:1      | 758 ||| Stepping randomly (stuck).
   760 | D:1      | 760 ||| Stepping randomly (stuck).
   762 | D:1      | 762 ||| Stepping randomly (stuck).
   764 | D:1      | 764 ||| Stepping randomly (stuck).
   766 | D:1      | 766 ||| Stepping randomly (stuck).
   768 | D:1      | 768 ||| Stepping randomly (stuck).
   770 | D:1      | 770 ||| Stepping randomly (stuck).
   772 | D:1      | 772 ||| Stepping randomly (stuck).
   774 | D:1      | 774 ||| Stepping randomly (stuck).
   776 | D:1      | 776 ||| Stepping randomly (stuck).
   778 | D:1      | 778 ||| Stepping randomly (stuck).
   780 | D:1      | 780 ||| Stepping randomly (stuck).
   782 | D:1      | 782 ||| Stepping randomly (stuck).
   784 | D:1      | 784 ||| Stepping randomly (stuck).
   786 | D:1      | 786 ||| Stepping randomly (stuck).
   788 | D:1      | 788 ||| Stepping randomly (stuck).
   790 | D:1      | 790 ||| Stepping randomly (stuck).
   792 | D:1      | 792 ||| Stepping randomly (stuck).
   794 | D:1      | 794 ||| Stepping randomly (stuck).
   796 | D:1      | 796 ||| Stepping randomly (stuck).
   798 | D:1      | 798 ||| Stepping randomly (stuck).
   800 | D:1      | 800 ||| Stepping randomly (stuck).
   802 | D:1      | 802 ||| Stepping randomly (stuck).
   804 | D:1      | 804 ||| Stepping randomly (stuck).
   806 | D:1      | 806 ||| Stepping randomly (stuck).
   808 | D:1      | 808 ||| Stepping randomly (stuck).
   810 | D:1      | 810 ||| Stepping randomly (stuck).
   812 | D:1      | 812 ||| Stepping randomly (stuck).
   814 | D:1      | 814 ||| Stepping randomly (stuck).
   816 | D:1      | 816 ||| Stepping randomly (stuck).
   818 | D:1      | 818 ||| Stepping randomly (stuck).
   820 | D:1      | 820 ||| Stepping randomly (stuck).
   822 | D:1      | 822 ||| Stepping randomly (stuck).
   824 | D:1      | 824 ||| Stepping randomly (stuck).
   826 | D:1      | 826 ||| Stepping randomly (stuck).
   828 | D:1      | 828 ||| Stepping randomly (stuck).
   830 | D:1      | 830 ||| Stepping randomly (stuck).
   832 | D:1      | 832 ||| Stepping randomly (stuck).
   834 | D:1      | 834 ||| Stepping randomly (stuck).
   836 | D:1      | 836 ||| Stepping randomly (stuck).
   838 | D:1      | 838 ||| Stepping randomly (stuck).
   840 | D:1      | 840 ||| Stepping randomly (stuck).
   842 | D:1      | 842 ||| Stepping randomly (stuck).
   844 | D:1      | 844 ||| Stepping randomly (stuck).
   846 | D:1      | 846 ||| Stepping randomly (stuck).
   848 | D:1      | 848 ||| Stepping randomly (stuck).
   850 | D:1      | 850 ||| Stepping randomly (stuck).
   852 | D:1      | 852 ||| Stepping randomly (stuck).
   854 | D:1      | 854 ||| Stepping randomly (stuck).
   856 | D:1      | 856 ||| Stepping randomly (stuck).
   858 | D:1      | 858 ||| Stepping randomly (stuck).
   860 | D:1      | 860 ||| Stepping randomly (stuck).
   862 | D:1      | 862 ||| Stepping randomly (stuck).
   864 | D:1      | 864 ||| Stepping randomly (stuck).
   866 | D:1      | 866 ||| Stepping randomly (stuck).
   868 | D:1      | 868 ||| Stepping randomly (stuck).
   870 | D:1      | 870 ||| Stepping randomly (stuck).
   872 | D:1      | 872 ||| Stepping randomly (stuck).
   874 | D:1      | 874 ||| Stepping randomly (stuck).
   876 | D:1      | 876 ||| Stepping randomly (stuck).
   878 | D:1      | 878 ||| Stepping randomly (stuck).
   880 | D:1      | 880 ||| Stepping randomly (stuck).
   882 | D:1      | 882 ||| Stepping randomly (stuck).
   884 | D:1      | 884 ||| Stepping randomly (stuck).
   886 | D:1      | 886 ||| Stepping randomly (stuck).
   888 | D:1      | 888 ||| Stepping randomly (stuck).
   890 | D:1      | 890 ||| Stepping randomly (stuck).
   892 | D:1      | 892 ||| Stepping randomly (stuck).
   894 | D:1      | 894 ||| Stepping randomly (stuck).
   896 | D:1      | 896 ||| Stepping randomly (stuck).
   898 | D:1      | 898 ||| Stepping randomly (stuck).
   900 | D:1      | 900 ||| Stepping randomly (stuck).
   902 | D:1      | 902 ||| Stepping randomly (stuck).
   904 | D:1      | 904 ||| Stepping randomly (stuck).
   906 | D:1      | 906 ||| Stepping randomly (stuck).
   908 | D:1      | 908 ||| Stepping randomly (stuck).
   910 | D:1      | 910 ||| Stepping randomly (stuck).
   912 | D:1      | 912 ||| Stepping randomly (stuck).
   914 | D:1      | 914 ||| Stepping randomly (stuck).
   916 | D:1      | 916 ||| Stepping randomly (stuck).
   918 | D:1      | 918 ||| Stepping randomly (stuck).
   920 | D:1      | 920 ||| Stepping randomly (stuck).
   922 | D:1      | 922 ||| Stepping randomly (stuck).
   924 | D:1      | 924 ||| Stepping randomly (stuck).
   926 | D:1      | 926 ||| Stepping randomly (stuck).
   928 | D:1      | 928 ||| Stepping randomly (stuck).
   930 | D:1      | 930 ||| Stepping randomly (stuck).
   932 | D:1      | 932 ||| Stepping randomly (stuck).
   934 | D:1      | 934 ||| Stepping randomly (stuck).
   936 | D:1      | 936 ||| Stepping randomly (stuck).
   938 | D:1      | 938 ||| Stepping randomly (stuck).
   940 | D:1      | 940 ||| Stepping randomly (stuck).
   942 | D:1      | 942 ||| Stepping randomly (stuck).
   944 | D:1      | 944 ||| Stepping randomly (stuck).
   946 | D:1      | 946 ||| Stepping randomly (stuck).
   948 | D:1      | 948 ||| Stepping randomly (stuck).
   950 | D:1      | 950 ||| Stepping randomly (stuck).
   952 | D:1      | 952 ||| Stepping randomly (stuck).
   954 | D:1      | 954 ||| Stepping randomly (stuck).
   956 | D:1      | 956 ||| Stepping randomly (stuck).
   958 | D:1      | 958 ||| Stepping randomly (stuck).
   960 | D:1      | 960 ||| Stepping randomly (stuck).
   962 | D:1      | 962 ||| Stepping randomly (stuck).
   964 | D:1      | 964 ||| Stepping randomly (stuck).
   966 | D:1      | 966 ||| Stepping randomly (stuck).
   968 | D:1      | 968 ||| Stepping randomly (stuck).
   970 | D:1      | 970 ||| Stepping randomly (stuck).
   972 | D:1      | 972 ||| Stepping randomly (stuck).
   974 | D:1      | 974 ||| Stepping randomly (stuck).
   976 | D:1      | 976 ||| Stepping randomly (stuck).
   978 | D:1      | 978 ||| Stepping randomly (stuck).
   980 | D:1      | 980 ||| Stepping randomly (stuck).
   982 | D:1      | 982 ||| Stepping randomly (stuck).
   984 | D:1      | 984 ||| Stepping randomly (stuck).
   986 | D:1      | 986 ||| Stepping randomly (stuck).
   988 | D:1      | 988 ||| Stepping randomly (stuck).
   990 | D:1      | 990 ||| Stepping randomly (stuck).
   992 | D:1      | 992 ||| Stepping randomly (stuck).
   994 | D:1      | 994 ||| Stepping randomly (stuck).
   996 | D:1      | 996 ||| Stepping randomly (stuck).
   998 | D:1      | 998 ||| Stepping randomly (stuck).
  1000 | D:1      | 1000 ||| Stepping randomly (stuck).
  1002 | D:1      | 1002 ||| Stepping randomly (stuck).
  1004 | D:1      | 1004 ||| Stepping randomly (stuck).
  1006 | D:1      | 1006 ||| Stepping randomly (stuck).
  1008 | D:1      | 1008 ||| Stepping randomly (stuck).
  1010 | D:1      | 1010 ||| Stepping randomly (stuck).
  1012 | D:1      | 1012 ||| Stepping randomly (stuck).
  1014 | D:1      | 1014 ||| Stepping randomly (stuck).
  1016 | D:1      | 1016 ||| Stepping randomly (stuck).
  1018 | D:1      | 1018 ||| Stepping randomly (stuck).
  1020 | D:1      | 1020 ||| Stepping randomly (stuck).
  1022 | D:1      | 1022 ||| Stepping randomly (stuck).
  1024 | D:1      | 1024 ||| Stepping randomly (stuck).
  1026 | D:1      | 1026 ||| Stepping randomly (stuck).
  1028 | D:1      | 1028 ||| Stepping randomly (stuck).
  1030 | D:1      | 1030 ||| Stepping randomly (stuck).
  1032 | D:1      | 1032 ||| Stepping randomly (stuck).
  1034 | D:1      | 1034 ||| Stepping randomly (stuck).
  1036 | D:1      | 1036 ||| Stepping randomly (stuck).
  1038 | D:1      | 1038 ||| Stepping randomly (stuck).
  1040 | D:1      | 1040 ||| Stepping randomly (stuck).
  1042 | D:1      | 1042 ||| Stepping randomly (stuck).
  1044 | D:1      | 1044 ||| Stepping randomly (stuck).
  1046 | D:1      | 1046 ||| Stepping randomly (stuck).
  1048 | D:1      | 1048 ||| Stepping randomly (stuck).
  1050 | D:1      | 1050 ||| Stepping randomly (stuck).
  1052 | D:1      | 1052 ||| Stepping randomly (stuck).
  1054 | D:1      | 1054 ||| Stepping randomly (stuck).
  1056 | D:1      | 1056 ||| Stepping randomly (stuck).
  1058 | D:1      | 1058 ||| Stepping randomly (stuck).
  1060 | D:1      | 1060 ||| Stepping randomly (stuck).
  1062 | D:1      | 1062 ||| Stepping randomly (stuck).
  1064 | D:1      | 1064 ||| Stepping randomly (stuck).
  1066 | D:1      | 1066 ||| Stepping randomly (stuck).
  1068 | D:1      | 1068 ||| Stepping randomly (stuck).
  1070 | D:1      | 1070 ||| Stepping randomly (stuck).
  1072 | D:1      | 1072 ||| Stepping randomly (stuck).
  1074 | D:1      | 1074 ||| Stepping randomly (stuck).
  1076 | D:1      | 1076 ||| Stepping randomly (stuck).
  1078 | D:1      | 1078 ||| Stepping randomly (stuck).
  1080 | D:1      | 1080 ||| Stepping randomly (stuck).
  1082 | D:1      | 1082 ||| Stepping randomly (stuck).
  1084 | D:1      | 1084 ||| Stepping randomly (stuck).
  1086 | D:1      | 1086 ||| Stepping randomly (stuck).
  1088 | D:1      | 1088 ||| Stepping randomly (stuck).
  1090 | D:1      | 1090 ||| Stepping randomly (stuck).
  1092 | D:1      | 1092 ||| Stepping randomly (stuck).
  1094 | D:1      | 1094 ||| Stepping randomly (stuck).
  1096 | D:1      | 1096 ||| Stepping randomly (stuck).
  1098 | D:1      | 1098 ||| Stepping randomly (stuck).
  1100 | D:1      | 1100 ||| Stepping randomly (stuck).
  1102 | D:1      | 1102 ||| Stepping randomly (stuck).
  1104 | D:1      | 1104 ||| Stepping randomly (stuck).
  1106 | D:1      | 1106 ||| Stepping randomly (stuck).
  1108 | D:1      | 1108 ||| Stepping randomly (stuck).
  1110 | D:1      | 1110 ||| Stepping randomly (stuck).
  1112 | D:1      | 1112 ||| Stepping randomly (stuck).
  1114 | D:1      | 1114 ||| Stepping randomly (stuck).
  1116 | D:1      | 1116 ||| Stepping randomly (stuck).
  1118 | D:1      | 1118 ||| Stepping randomly (stuck).
  1120 | D:1      | 1120 ||| Stepping randomly (stuck).
  1122 | D:1      | 1122 ||| Stepping randomly (stuck).
  1124 | D:1      | 1124 ||| Stepping randomly (stuck).
  1126 | D:1      | 1126 ||| Stepping randomly (stuck).
  1128 | D:1      | 1128 ||| Stepping randomly (stuck).
  1130 | D:1      | 1130 ||| Stepping randomly (stuck).
  1132 | D:1      | 1132 ||| Stepping randomly (stuck).
  1134 | D:1      | 1134 ||| Stepping randomly (stuck).
  1136 | D:1      | 1136 ||| Stepping randomly (stuck).
  1138 | D:1      | 1138 ||| Stepping randomly (stuck).
  1140 | D:1      | 1140 ||| Stepping randomly (stuck).
  1142 | D:1      | 1142 ||| Stepping randomly (stuck).
  1144 | D:1      | 1144 ||| Stepping randomly (stuck).
  1146 | D:1      | 1146 ||| Stepping randomly (stuck).
  1148 | D:1      | 1148 ||| Stepping randomly (stuck).
  1150 | D:1      | 1150 ||| Stepping randomly (stuck).
  1152 | D:1      | 1152 ||| Stepping randomly (stuck).
  1154 | D:1      | 1154 ||| Stepping randomly (stuck).
  1156 | D:1      | 1156 ||| Stepping randomly (stuck).
  1158 | D:1      | 1158 ||| Stepping randomly (stuck).
  1160 | D:1      | 1160 ||| Stepping randomly (stuck).
  1162 | D:1      | 1162 ||| Stepping randomly (stuck).
  1164 | D:1      | 1164 ||| Stepping randomly (stuck).
  1166 | D:1      | 1166 ||| Stepping randomly (stuck).
  1168 | D:1      | 1168 ||| Stepping randomly (stuck).
  1170 | D:1      | 1170 ||| Stepping randomly (stuck).
  1172 | D:1      | 1172 ||| Stepping randomly (stuck).
  1174 | D:1      | 1174 ||| Stepping randomly (stuck).
  1176 | D:1      | 1176 ||| Stepping randomly (stuck).
  1178 | D:1      | 1178 ||| Stepping randomly (stuck).
  1180 | D:1      | 1180 ||| Stepping randomly (stuck).
  1182 | D:1      | 1182 ||| Stepping randomly (stuck).
  1184 | D:1      | 1184 ||| Stepping randomly (stuck).
  1186 | D:1      | 1186 ||| Stepping randomly (stuck).
  1188 | D:1      | 1188 ||| Stepping randomly (stuck).
  1190 | D:1      | 1190 ||| Stepping randomly (stuck).
  1192 | D:1      | 1192 ||| Stepping randomly (stuck).
  1194 | D:1      | 1194 ||| Stepping randomly (stuck).
  1196 | D:1      | 1196 ||| Stepping randomly (stuck).
  1198 | D:1      | 1198 ||| Stepping randomly (stuck).
  1200 | D:1      | 1200 ||| Stepping randomly (stuck).
  1202 | D:1      | 1202 ||| Stepping randomly (stuck).
  1204 | D:1      | 1204 ||| Stepping randomly (stuck).
  1206 | D:1      | 1206 ||| Stepping randomly (stuck).
  1208 | D:1      | 1208 ||| Stepping randomly (stuck).
  1210 | D:1      | 1210 ||| Stepping randomly (stuck).
  1212 | D:1      | 1212 ||| Stepping randomly (stuck).
  1214 | D:1      | 1214 ||| Stepping randomly (stuck).
  1216 | D:1      | 1216 ||| Stepping randomly (stuck).
  1218 | D:1      | 1218 ||| Stepping randomly (stuck).
  1220 | D:1      | 1220 ||| Stepping randomly (stuck).
  1222 | D:1      | 1222 ||| Stepping randomly (stuck).
  1224 | D:1      | 1224 ||| Stepping randomly (stuck).
  1226 | D:1      | 1226 ||| Stepping randomly (stuck).
  1228 | D:1      | 1228 ||| Stepping randomly (stuck).
  1230 | D:1      | 1230 ||| Stepping randomly (stuck).
  1232 | D:1      | 1232 ||| Stepping randomly (stuck).
  1234 | D:1      | 1234 ||| Stepping randomly (stuck).
  1236 | D:1      | 1236 ||| Stepping randomly (stuck).
  1238 | D:1      | 1238 ||| Stepping randomly (stuck).
  1240 | D:1      | 1240 ||| Stepping randomly (stuck).
  1242 | D:1      | 1242 ||| Stepping randomly (stuck).
  1244 | D:1      | 1244 ||| Stepping randomly (stuck).
  1246 | D:1      | 1246 ||| Stepping randomly (stuck).
  1248 | D:1      | 1248 ||| Stepping randomly (stuck).
  1250 | D:1      | 1250 ||| Stepping randomly (stuck).
  1252 | D:1      | 1252 ||| Stepping randomly (stuck).
  1254 | D:1      | 1254 ||| Stepping randomly (stuck).
  1256 | D:1      | 1256 ||| Stepping randomly (stuck).
  1258 | D:1      | 1258 ||| Stepping randomly (stuck).
  1260 | D:1      | 1260 ||| Stepping randomly (stuck).
  1262 | D:1      | 1262 ||| Stepping randomly (stuck).
  1264 | D:1      | 1264 ||| Stepping randomly (stuck).
  1266 | D:1      | 1266 ||| Stepping randomly (stuck).
  1268 | D:1      | 1268 ||| Stepping randomly (stuck).
  1270 | D:1      | 1270 ||| Stepping randomly (stuck).
  1272 | D:1      | 1272 ||| Stepping randomly (stuck).
  1274 | D:1      | 1274 ||| Stepping randomly (stuck).
  1276 | D:1      | 1276 ||| Stepping randomly (stuck).
  1278 | D:1      | 1278 ||| Stepping randomly (stuck).
  1280 | D:1      | 1280 ||| Stepping randomly (stuck).
  1282 | D:1      | 1282 ||| Stepping randomly (stuck).
  1284 | D:1      | 1284 ||| Stepping randomly (stuck).
  1286 | D:1      | 1286 ||| Stepping randomly (stuck).
  1288 | D:1      | 1288 ||| Stepping randomly (stuck).
  1290 | D:1      | 1290 ||| Stepping randomly (stuck).
  1292 | D:1      | 1292 ||| Stepping randomly (stuck).
  1294 | D:1      | 1294 ||| Stepping randomly (stuck).
  1296 | D:1      | 1296 ||| Stepping randomly (stuck).
  1298 | D:1      | 1298 ||| Stepping randomly (stuck).
  1300 | D:1      | 1300 ||| Stepping randomly (stuck).
  1302 | D:1      | 1302 ||| Stepping randomly (stuck).
  1304 | D:1      | 1304 ||| Stepping randomly (stuck).
  1306 | D:1      | 1306 ||| Stepping randomly (stuck).
  1308 | D:1      | 1308 ||| Stepping randomly (stuck).
  1310 | D:1      | 1310 ||| Stepping randomly (stuck).
  1312 | D:1      | 1312 ||| Stepping randomly (stuck).
  1314 | D:1      | 1314 ||| Stepping randomly (stuck).
  1316 | D:1      | 1316 ||| Stepping randomly (stuck).
  1318 | D:1      | 1318 ||| Stepping randomly (stuck).
  1320 | D:1      | 1320 ||| Stepping randomly (stuck).
  1322 | D:1      | 1322 ||| Stepping randomly (stuck).
  1324 | D:1      | 1324 ||| Stepping randomly (stuck).
  1326 | D:1      | 1326 ||| Stepping randomly (stuck).
  1328 | D:1      | 1328 ||| Stepping randomly (stuck).
  1330 | D:1      | 1330 ||| Stepping randomly (stuck).
  1332 | D:1      | 1332 ||| Stepping randomly (stuck).
  1334 | D:1      | 1334 ||| Stepping randomly (stuck).
  1336 | D:1      | 1336 ||| Stepping randomly (stuck).
  1338 | D:1      | 1338 ||| Stepping randomly (stuck).
  1340 | D:1      | 1340 ||| Stepping randomly (stuck).
  1342 | D:1      | 1342 ||| Stepping randomly (stuck).
  1344 | D:1      | 1344 ||| Stepping randomly (stuck).
  1346 | D:1      | 1346 ||| Stepping randomly (stuck).
  1348 | D:1      | 1348 ||| Stepping randomly (stuck).
  1350 | D:1      | 1350 ||| Stepping randomly (stuck).
  1352 | D:1      | 1352 ||| Stepping randomly (stuck).
  1354 | D:1      | 1354 ||| Stepping randomly (stuck).
  1356 | D:1      | 1356 ||| Stepping randomly (stuck).
  1358 | D:1      | 1358 ||| Stepping randomly (stuck).
  1360 | D:1      | 1360 ||| Stepping randomly (stuck).
  1362 | D:1      | 1362 ||| Stepping randomly (stuck).
  1364 | D:1      | 1364 ||| Stepping randomly (stuck).
  1366 | D:1      | 1366 ||| Stepping randomly (stuck).
  1368 | D:1      | 1368 ||| Stepping randomly (stuck).
  1370 | D:1      | 1370 ||| Stepping randomly (stuck).
  1372 | D:1      | 1372 ||| Stepping randomly (stuck).
  1374 | D:1      | 1374 ||| Stepping randomly (stuck).
  1376 | D:1      | 1376 ||| Stepping randomly (stuck).
  1378 | D:1      | 1378 ||| Stepping randomly (stuck).
  1380 | D:1      | 1380 ||| Stepping randomly (stuck).
  1382 | D:1      | 1382 ||| Stepping randomly (stuck).
  1384 | D:1      | 1384 ||| Stepping randomly (stuck).
  1386 | D:1      | 1386 ||| Stepping randomly (stuck).
  1388 | D:1      | 1388 ||| Stepping randomly (stuck).
  1390 | D:1      | 1390 ||| Stepping randomly (stuck).
  1392 | D:1      | 1392 ||| Stepping randomly (stuck).
  1394 | D:1      | 1394 ||| Stepping randomly (stuck).
  1396 | D:1      | 1396 ||| Stepping randomly (stuck).
  1398 | D:1      | 1398 ||| Stepping randomly (stuck).
  1400 | D:1      | 1400 ||| Stepping randomly (stuck).
  1402 | D:1      | 1402 ||| Stepping randomly (stuck).
  1404 | D:1      | 1404 ||| Stepping randomly (stuck).
  1406 | D:1      | 1406 ||| Stepping randomly (stuck).
  1408 | D:1      | 1408 ||| Stepping randomly (stuck).
  1410 | D:1      | 1410 ||| Stepping randomly (stuck).
  1412 | D:1      | 1412 ||| Stepping randomly (stuck).
  1414 | D:1      | 1414 ||| Stepping randomly (stuck).
  1416 | D:1      | 1416 ||| Stepping randomly (stuck).
  1418 | D:1      | 1418 ||| Stepping randomly (stuck).
  1420 | D:1      | 1420 ||| Stepping randomly (stuck).
  1422 | D:1      | 1422 ||| Stepping randomly (stuck).
  1424 | D:1      | 1424 ||| Stepping randomly (stuck).
  1426 | D:1      | 1426 ||| Stepping randomly (stuck).
  1428 | D:1      | 1428 ||| Stepping randomly (stuck).
  1430 | D:1      | 1430 ||| Stepping randomly (stuck).
  1432 | D:1      | 1432 ||| Stepping randomly (stuck).
  1434 | D:1      | 1434 ||| Stepping randomly (stuck).
  1436 | D:1      | 1436 ||| Stepping randomly (stuck).
  1438 | D:1      | 1438 ||| Stepping randomly (stuck).
  1440 | D:1      | 1440 ||| Stepping randomly (stuck).
  1442 | D:1      | 1442 ||| Stepping randomly (stuck).
  1444 | D:1      | 1444 ||| Stepping randomly (stuck).
  1446 | D:1      | 1446 ||| Stepping randomly (stuck).
  1448 | D:1      | 1448 ||| Stepping randomly (stuck).
  1450 | D:1      | 1450 ||| Stepping randomly (stuck).
  1452 | D:1      | 1452 ||| Stepping randomly (stuck).
  1454 | D:1      | 1454 ||| Stepping randomly (stuck).
  1456 | D:1      | 1456 ||| Stepping randomly (stuck).
  1458 | D:1      | 1458 ||| Stepping randomly (stuck).
  1460 | D:1      | 1460 ||| Stepping randomly (stuck).
  1462 | D:1      | 1462 ||| Stepping randomly (stuck).
  1464 | D:1      | 1464 ||| Stepping randomly (stuck).
  1466 | D:1      | 1466 ||| Stepping randomly (stuck).
  1468 | D:1      | 1468 ||| Stepping randomly (stuck).
  1470 | D:1      | 1470 ||| Stepping randomly (stuck).
  1472 | D:1      | 1472 ||| Stepping randomly (stuck).
  1474 | D:1      | 1474 ||| Stepping randomly (stuck).
  1476 | D:1      | 1476 ||| Stepping randomly (stuck).
  1478 | D:1      | 1478 ||| Stepping randomly (stuck).
  1480 | D:1      | 1480 ||| Stepping randomly (stuck).
  1482 | D:1      | 1482 ||| Stepping randomly (stuck).
  1484 | D:1      | 1484 ||| Stepping randomly (stuck).
  1486 | D:1      | 1486 ||| Stepping randomly (stuck).
  1488 | D:1      | 1488 ||| Stepping randomly (stuck).
  1490 | D:1      | 1490 ||| Stepping randomly (stuck).
  1492 | D:1      | 1492 ||| Stepping randomly (stuck).
  1494 | D:1      | 1494 ||| Stepping randomly (stuck).
  1496 | D:1      | 1496 ||| Stepping randomly (stuck).
  1498 | D:1      | 1498 ||| Stepping randomly (stuck).
  1500 | D:1      | 1500 ||| Stepping randomly (stuck).
  1502 | D:1      | 1502 ||| Stepping randomly (stuck).
  1504 | D:1      | 1504 ||| Stepping randomly (stuck).
  1506 | D:1      | 1506 ||| Stepping randomly (stuck).
  1508 | D:1      | 1508 ||| Stepping randomly (stuck).
  1510 | D:1      | 1510 ||| Stepping randomly (stuck).
  1512 | D:1      | 1512 ||| Stepping randomly (stuck).
  1514 | D:1      | 1514 ||| Stepping randomly (stuck).
  1516 | D:1      | 1516 ||| Stepping randomly (stuck).
  1518 | D:1      | 1518 ||| Stepping randomly (stuck).
  1520 | D:1      | 1520 ||| Stepping randomly (stuck).
  1522 | D:1      | 1522 ||| Stepping randomly (stuck).
  1524 | D:1      | 1524 ||| Stepping randomly (stuck).
  1526 | D:1      | 1526 ||| Stepping randomly (stuck).
  1528 | D:1      | 1528 ||| Stepping randomly (stuck).
  1530 | D:1      | 1530 ||| Stepping randomly (stuck).
  1532 | D:1      | 1532 ||| Stepping randomly (stuck).
  1534 | D:1      | 1534 ||| Stepping randomly (stuck).
  1536 | D:1      | 1536 ||| Stepping randomly (stuck).
  1538 | D:1      | 1538 ||| Stepping randomly (stuck).
  1540 | D:1      | 1540 ||| Stepping randomly (stuck).
  1542 | D:1      | 1542 ||| Stepping randomly (stuck).
  1544 | D:1      | 1544 ||| Stepping randomly (stuck).
  1546 | D:1      | 1546 ||| Stepping randomly (stuck).
  1548 | D:1      | 1548 ||| Stepping randomly (stuck).
  1550 | D:1      | 1550 ||| Stepping randomly (stuck).
  1552 | D:1      | 1552 ||| Stepping randomly (stuck).
  1554 | D:1      | 1554 ||| Stepping randomly (stuck).
  1556 | D:1      | 1556 ||| Stepping randomly (stuck).
  1558 | D:1      | 1558 ||| Stepping randomly (stuck).
  1560 | D:1      | 1560 ||| Stepping randomly (stuck).
  1562 | D:1      | 1562 ||| Stepping randomly (stuck).
  1564 | D:1      | 1564 ||| Stepping randomly (stuck).
  1566 | D:1      | 1566 ||| Stepping randomly (stuck).
  1568 | D:1      | 1568 ||| Stepping randomly (stuck).
  1570 | D:1      | 1570 ||| Stepping randomly (stuck).
  1572 | D:1      | 1572 ||| Stepping randomly (stuck).
  1574 | D:1      | 1574 ||| Stepping randomly (stuck).
  1576 | D:1      | 1576 ||| Stepping randomly (stuck).
  1578 | D:1      | 1578 ||| Stepping randomly (stuck).
  1580 | D:1      | 1580 ||| Stepping randomly (stuck).
  1582 | D:1      | 1582 ||| Stepping randomly (stuck).
  1584 | D:1      | 1584 ||| Stepping randomly (stuck).
  1586 | D:1      | 1586 ||| Stepping randomly (stuck).
  1588 | D:1      | 1588 ||| Stepping randomly (stuck).
  1590 | D:1      | 1590 ||| Stepping randomly (stuck).
  1592 | D:1      | 1592 ||| Stepping randomly (stuck).
  1594 | D:1      | 1594 ||| Stepping randomly (stuck).
  1596 | D:1      | 1596 ||| Stepping randomly (stuck).
  1598 | D:1      | 1598 ||| Stepping randomly (stuck).
  1600 | D:1      | 1600 ||| Stepping randomly (stuck).
  1602 | D:1      | 1602 ||| Stepping randomly (stuck).
  1604 | D:1      | 1604 ||| Stepping randomly (stuck).
  1606 | D:1      | 1606 ||| Stepping randomly (stuck).
  1608 | D:1      | 1608 ||| Stepping randomly (stuck).
  1610 | D:1      | 1610 ||| Stepping randomly (stuck).
  1612 | D:1      | 1612 ||| Stepping randomly (stuck).
  1614 | D:1      | 1614 ||| Stepping randomly (stuck).
  1616 | D:1      | 1616 ||| Stepping randomly (stuck).
  1618 | D:1      | 1618 ||| Stepping randomly (stuck).
  1620 | D:1      | 1620 ||| Stepping randomly (stuck).
  1622 | D:1      | 1622 ||| Stepping randomly (stuck).
  1624 | D:1      | 1624 ||| Stepping randomly (stuck).
  1626 | D:1      | 1626 ||| Stepping randomly (stuck).
  1628 | D:1      | 1628 ||| Stepping randomly (stuck).
  1630 | D:1      | 1630 ||| Stepping randomly (stuck).
  1632 | D:1      | 1632 ||| Stepping randomly (stuck).
  1634 | D:1      | 1634 ||| Stepping randomly (stuck).
  1636 | D:1      | 1636 ||| Stepping randomly (stuck).
  1638 | D:1      | 1638 ||| Stepping randomly (stuck).
  1640 | D:1      | 1640 ||| Stepping randomly (stuck).
  1642 | D:1      | 1642 ||| Stepping randomly (stuck).
  1644 | D:1      | 1644 ||| Stepping randomly (stuck).
  1646 | D:1      | 1646 ||| Stepping randomly (stuck).
  1648 | D:1      | 1648 ||| Stepping randomly (stuck).
  1650 | D:1      | 1650 ||| Stepping randomly (stuck).
  1652 | D:1      | 1652 ||| Stepping randomly (stuck).
  1654 | D:1      | 1654 ||| Stepping randomly (stuck).
  1656 | D:1      | 1656 ||| Stepping randomly (stuck).
  1658 | D:1      | 1658 ||| Stepping randomly (stuck).
  1660 | D:1      | 1660 ||| Stepping randomly (stuck).
  1662 | D:1      | 1662 ||| Stepping randomly (stuck).
  1664 | D:1      | 1664 ||| Stepping randomly (stuck).
  1666 | D:1      | 1666 ||| Stepping randomly (stuck).
  1668 | D:1      | 1668 ||| Stepping randomly (stuck).
  1670 | D:1      | 1670 ||| Stepping randomly (stuck).
  1672 | D:1      | 1672 ||| Stepping randomly (stuck).
  1674 | D:1      | 1674 ||| Stepping randomly (stuck).
  1676 | D:1      | 1676 ||| Stepping randomly (stuck).
  1678 | D:1      | 1678 ||| Stepping randomly (stuck).
  1680 | D:1      | 1680 ||| Stepping randomly (stuck).
  1682 | D:1      | 1682 ||| Stepping randomly (stuck).
  1684 | D:1      | 1684 ||| Stepping randomly (stuck).
  1686 | D:1      | 1686 ||| Stepping randomly (stuck).
  1688 | D:1      | 1688 ||| Stepping randomly (stuck).
  1690 | D:1      | 1690 ||| Stepping randomly (stuck).
  1692 | D:1      | 1692 ||| Stepping randomly (stuck).
  1694 | D:1      | 1694 ||| Stepping randomly (stuck).
  1696 | D:1      | 1696 ||| Stepping randomly (stuck).
  1698 | D:1      | 1698 ||| Stepping randomly (stuck).
  1700 | D:1      | 1700 ||| Stepping randomly (stuck).
  1702 | D:1      | 1702 ||| Stepping randomly (stuck).
  1704 | D:1      | 1704 ||| Stepping randomly (stuck).
  1706 | D:1      | 1706 ||| Stepping randomly (stuck).
  1708 | D:1      | 1708 ||| Stepping randomly (stuck).
  1710 | D:1      | 1710 ||| Stepping randomly (stuck).
  1712 | D:1      | 1712 ||| Stepping randomly (stuck).
  1714 | D:1      | 1714 ||| Stepping randomly (stuck).
  1716 | D:1      | 1716 ||| Stepping randomly (stuck).
  1718 | D:1      | 1718 ||| Stepping randomly (stuck).
  1720 | D:1      | 1720 ||| Stepping randomly (stuck).
  1722 | D:1      | 1722 ||| Stepping randomly (stuck).
  1724 | D:1      | 1724 ||| Stepping randomly (stuck).
  1726 | D:1      | 1726 ||| Stepping randomly (stuck).
  1728 | D:1      | 1728 ||| Stepping randomly (stuck).
  1730 | D:1      | 1730 ||| Stepping randomly (stuck).
  1732 | D:1      | 1732 ||| Stepping randomly (stuck).
  1734 | D:1      | 1734 ||| Stepping randomly (stuck).
  1736 | D:1      | 1736 ||| Stepping randomly (stuck).
  1738 | D:1      | 1738 ||| Stepping randomly (stuck).
  1740 | D:1      | 1740 ||| Stepping randomly (stuck).
  1742 | D:1      | 1742 ||| Stepping randomly (stuck).
  1744 | D:1      | 1744 ||| Stepping randomly (stuck).
  1746 | D:1      | 1746 ||| Stepping randomly (stuck).
  1748 | D:1      | 1748 ||| Stepping randomly (stuck).
  1750 | D:1      | 1750 ||| Stepping randomly (stuck).
  1752 | D:1      | 1752 ||| Stepping randomly (stuck).
  1754 | D:1      | 1754 ||| Stepping randomly (stuck).
  1756 | D:1      | 1756 ||| Stepping randomly (stuck).
  1758 | D:1      | 1758 ||| Stepping randomly (stuck).
  1760 | D:1      | 1760 ||| Stepping randomly (stuck).
  1762 | D:1      | 1762 ||| Stepping randomly (stuck).
  1764 | D:1      | 1764 ||| Stepping randomly (stuck).
  1766 | D:1      | 1766 ||| Stepping randomly (stuck).
  1768 | D:1      | 1768 ||| Stepping randomly (stuck).
  1770 | D:1      | 1770 ||| Stepping randomly (stuck).
  1772 | D:1      | 1772 ||| Stepping randomly (stuck).
  1774 | D:1      | 1774 ||| Stepping randomly (stuck).
  1776 | D:1      | 1776 ||| Stepping randomly (stuck).
  1778 | D:1      | 1778 ||| Stepping randomly (stuck).
  1780 | D:1      | 1780 ||| Stepping randomly (stuck).
  1782 | D:1      | 1782 ||| Stepping randomly (stuck).
  1784 | D:1      | 1784 ||| Stepping randomly (stuck).
  1786 | D:1      | 1786 ||| Stepping randomly (stuck).
  1788 | D:1      | 1788 ||| Stepping randomly (stuck).
  1790 | D:1      | 1790 ||| Stepping randomly (stuck).
  1792 | D:1      | 1792 ||| Stepping randomly (stuck).
  1794 | D:1      | 1794 ||| Stepping randomly (stuck).
  1796 | D:1      | 1796 ||| Stepping randomly (stuck).
  1798 | D:1      | 1798 ||| Stepping randomly (stuck).
  1800 | D:1      | 1800 ||| Stepping randomly (stuck).
  1802 | D:1      | 1802 ||| Stepping randomly (stuck).
  1804 | D:1      | 1804 ||| Stepping randomly (stuck).
  1806 | D:1      | 1806 ||| Stepping randomly (stuck).
  1808 | D:1      | 1808 ||| Stepping randomly (stuck).
  1810 | D:1      | 1810 ||| Stepping randomly (stuck).
  1812 | D:1      | 1812 ||| Stepping randomly (stuck).
  1814 | D:1      | 1814 ||| Stepping randomly (stuck).
  1816 | D:1      | 1816 ||| Stepping randomly (stuck).
  1818 | D:1      | 1818 ||| Stepping randomly (stuck).
  1820 | D:1      | 1820 ||| Stepping randomly (stuck).
  1822 | D:1      | 1822 ||| Stepping randomly (stuck).
  1824 | D:1      | 1824 ||| Stepping randomly (stuck).
  1826 | D:1      | 1826 ||| Stepping randomly (stuck).
  1828 | D:1      | 1828 ||| Stepping randomly (stuck).
  1830 | D:1      | 1830 ||| Stepping randomly (stuck).
  1832 | D:1      | 1832 ||| Stepping randomly (stuck).
  1834 | D:1      | 1834 ||| Stepping randomly (stuck).
  1836 | D:1      | 1836 ||| Stepping randomly (stuck).
  1838 | D:1      | 1838 ||| Stepping randomly (stuck).
  1840 | D:1      | 1840 ||| Stepping randomly (stuck).
  1842 | D:1      | 1842 ||| Stepping randomly (stuck).
  1844 | D:1      | 1844 ||| Stepping randomly (stuck).
  1846 | D:1      | 1846 ||| Stepping randomly (stuck).
  1848 | D:1      | 1848 ||| Stepping randomly (stuck).
  1850 | D:1      | 1850 ||| Stepping randomly (stuck).
  1852 | D:1      | 1852 ||| Stepping randomly (stuck).
  1854 | D:1      | Quit the game

Levels and vault maps discovered:
D:1:      ldierk_water_garden, layout_loops_ring, serial_shops,
          nicolae_shop_stone, shop, nicolae_shop_statue_plus, shop,
          nicolae_shop_hallway_plus, minivault_14

Action                   || total
-------------------------++-------
Throw: Boomerang         ||     3

Table legend:
 A = Non-vault XP
 B = Vault XP
 C = Vault XP percentage of total XP
 D = Non-vault monster count
 E = Vault monster count
 F = Vault count percentage of total count
                 A         B        C        D         E       F
            +---------+---------+-------+---------+---------+-------
      Total |       3 |       0 |   0.0 |       2 |       0 |   0.0
            +---------+---------+-------+---------+---------+-------
        D:1 |       3 |       0 |   0.0 |       2 |       0 |   0.0
            +---------+---------+-------+---------+---------+-------
